 Dungeon Crawl Stone Soup version 0.30-a0-339-g89bb51ec76 (webtiles) character file.

Game seed: 17761187398801044139

7770 sanka the Nimble (level 10, -7/88 HPs)
             Began as a Demigod Summoner on Oct 31, 2022.
             Shot with an arrow by a centaur warrior (12 damage)
             ... on level 9 of the Dungeon.
             The game lasted 00:28:10 (10049 turns).

sanka the Nimble (Demigod Summoner)                Turns: 10049, Time: 00:28:11

Health: -7/88      AC:  9    Str:  9    XL:     10   Next: 69%
Magic:  12/16      EV: 20    Int: 33    God:
Gold:   549        SH:  0    Dex: 29    Spells: 7/13 levels left

rFire   + . .      SeeInvis +    w - +10 falchion "Jablat" {freeze, Fragile rF+ rN++ Dex+9}
rCold   . . .      Faith    .    (no shield)
rNeg    + + .      Spirit   .    r - +0 robe
rPois   .          Reflect  .    s - +2 helmet
rElec   .          Harm     .    n - +0 cloak
rCorr   +          Rampage  .    c - +2 pair of gloves {Dex+3}
Will    +....                    (no boots)
Stlth   +++.......               (no amulet)
HPRegen 0.34/turn                E - ring "Nocsusto" {rCorr Int+4 Dex+3}
MPRegen 0.15/turn                y - ring of see invisible

@: about to teleport
A: high MP 1, forlorn, divine attributes
a: no special abilities


You were on level 9 of the Dungeon.
You visited 1 branch of the dungeon, and saw 9 of its levels.

You collected 549 gold pieces.


Innate Abilities, Weirdness & Mutations

You have an increased reservoir of magic. (+10% MP)
You shall have no god before yourself.
Your divine heritage dramatically boosts your attributes as you level up.


   Skills:
 + Level 8.0 Fighting
 + Level 8.0 Long Blades
 + Level 8.2 Dodging
 - Level 1.7 Stealth
 - Level 2.0 Spellcasting
 - Level 8.0 Summonings


You had 7 spell levels left.
You knew the following spells:

 Your Spells              Type           Power      Damage    Failure   Level
c - Call Canine Familiar  Summ           54%        N/A       1%          3
x - Call Imp              Summ           54%        N/A       1%          2
z - Summon Small Mammal   Summ           100%       N/A       1%          1

Your spell library contained the following spells:

 Spells                   Type           Power      Damage    Failure   Level
 Summon Guardian Golem    Hex/Summ       29%        N/A       3%          3
 Magic Dart               Conj           12%        1d3       6%          1
 Searing Ray              Conj           6%         2d4       10%         2
 Summon Lightning Spire   Summ/Air       29%        N/A       12%         4
 Mephitic Cloud           Conj/Pois/Air  3%         N/A       19%         3
 Vhi's Electric Charge    Tloc/Air       6%         N/A       19%         3
 Fulminant Prism          Conj/Hex       1%         3d5       54%         4
 Arcjolt                  Conj/Air       1%         1d11      87%         5
 Maxwell's Capacitive Co  Air            1%         ∞         100%        8

Inventory:

Hand Weapons
 w - the +10 falchion "Jablat" (weapon) {freeze, Fragile rF+ rN++ Dex+9}

   It freezes those it strikes, dealing additional cold damage.
   It can also slow down cold-blooded creatures.
   Dex:       It affects your dexterity (+9).
   rF:        It protects you from fire.
   rN:        It greatly protects you from negative energy.
   Fragile:   It will be destroyed if unequipped.
Armour
 c - a +2 pair of gloves of dexterity (worn)
 n - a +0 cloak (worn)
 r - a +0 robe (worn)
 s - a +2 helmet (worn)
Jewellery
 y - a ring of see invisible (right hand)
 z - a ring of positive energy
 D - a ring of protection from fire
 E - the ring "Nocsusto" (left hand) {rCorr Int+4 Dex+3}

   [ring of resist corrosion]

   Int:       It affects your intelligence (+4).
   Dex:       It affects your dexterity (+3).
   rCorr:     It protects you from acid and corrosion.
Wands
 t - a wand of roots (11)
 v - a wand of mindburst (10)
Scrolls
 b - a scroll of teleportation {@r4}
 d - a scroll of vulnerability {!r}
 f - 2 scrolls of silence {!r}
 i - a scroll of noise {!r}
 j - 2 scrolls of immolation {!r}
 m - a scroll of enchant weapon
 u - a scroll of butterflies
 x - 3 scrolls of amnesia
 A - 2 scrolls of magic mapping
 B - 2 scrolls of summoning {unknown}
Potions
 a - a potion of brilliance {unknown}
 e - 2 potions of attraction {!q}
 g - a potion of experience {unknown}
 h - a potion of mutation {unknown}
 k - a potion of magic
 l - a potion of invisibility {unknown}
 o - a potion of cancellation {unknown}
 p - a potion of curing {@q1}
 q - 2 potions of flight {unknown}
 C - a potion of might {unknown}

Dungeon Overview and Level Annotations

Branches:
Dungeon (9/15)             Temple (0/1) D:6             Orc (0/2) D:9
   Lair: D:8-11

Shops:
D:9 (

Annotations:
D:8 2 transporters, DEFE's ghost, novice AtFi

...▒.▒ ▒▒▒..▒▒▒▒▒......... ▒..▒.▒
▒▒▒...▒ ▒......... ▒..▒.▒
▒▒▒.....▒ ▒.▒▒▒▒▒▒▒▒ ▒..▒.▒
▒▒▒...▒..▒▒ ▒▒c▒▒
...▒.▒▒▒▒...▒▒▒.▒▒ ▒▒...▒▒
....▒▒▒.....▒▒▒.▒ ▒▒.....▒▒
........▒▒..▒▒.<▒ ▒▒.......▒▒ ▒
...▒▒.▒▒▒▒▒.....▒▒▒▒c..>.....▒▒▒▒
................p..'.........'...
......▒▒▒▒▒.......▒▒.........▒▒▒▒
.▒.▒▒▒▒ ▒.▒▒.Q▒.▒▒▒.......▒▒ ▒
▒▒.▒ ▒.▒▒▒.▒.▒ ▒▒.....▒▒ ▒.▒
▒.▒▒▒.▒.▒ ▒▒...▒▒ ▒.▒ ▒.▒...▒.▒
▒▒'▒▒ ▒.▒ ▒.▒.▒▒▒.▒ ▒.▒▒▒▒▒▒▒▒
▒.▒ ▒.▒.▒▒▒.▒ ▒.▒▒...... ▒.▒
▒)).....▒ ▒▒.▒▒.▒▒▒▒▒


You could see a tengu warrior and a centaur warrior.


Message History

The centaur warrior shoots an arrow.
The arrow hits your wolf!
Your wolf completely misses the centaur warrior.
The centaur warrior shoots an arrow.
The arrow hits your wolf!!
Your wolf dies!
The centaur warrior shoots an arrow.
The arrow hits you!
* * * LOW HITPOINT WARNING * * *
The centaur warrior shoots an arrow.
The arrow misses you.
There is an open door here.
The centaur warrior shoots an arrow.
The arrow hits you!
* * * LOW HITPOINT WARNING * * *
The tengu warrior shouts!
As you read the scroll of teleportation {@r4}, it crumbles to dust.
You feel strangely unstable.
The tengu warrior shoots a bolt.
The bolt closely misses you.
Unknown command.
The tengu warrior shoots a bolt.
The bolt hits you!!
* * * LOW HITPOINT WARNING * * *
Unknown command.
The tengu warrior shoots a bolt.
The bolt barely misses you.
The centaur warrior shoots an arrow.
The arrow hits you!
You die...

Action                   |  1- 3 |  4- 6 |  7- 9 | 10-12 || total
-------------------------+-------+-------+-------+-------++-------
Melee: Dagger            |     9 |    43 |       |       ||    52
       Spear             |    49 |       |       |       ||    49
       Unarmed           |     4 |       |       |       ||     4
       Flail             |    29 |    31 |       |       ||    60
       Punch             |     2 |     1 |       |     2 ||     5
       Falchion          |       |    41 |   142 |    77 ||   260
 Cast: Summon Small Mamm |    11 |     2 |       |       ||    13
       Call Imp          |    15 |    15 |    20 |     7 ||    57
       Call Canine Famil |       |     5 |    31 |    28 ||    64
Evoke: Wand              |       |       |       |     1 ||     1
  Use: Potion            |       |     1 |       |     2 ||     3
       Scroll            |       |       |    12 |     1 ||    13
 Stab: Sleeping          |     3 |     4 |     6 |       ||    13
       Distracted        |     1 |     1 |     3 |     1 ||     6
Armor: Robe              |    20 |    41 |    34 |    20 ||   115
Dodge: Dodged            |    49 |    96 |   135 |    67 ||   347

Levels and vault maps discovered:
D:1:      shiori_arrival_whats_in_store_for_you, layout_loops_corners,
          ebering_ecumenical_altar_webs, serial_rivers,
          chequers_serial_rivers_marsh, chequers_serial_rivers_micro_c,
          chequers_serial_rivers_micro_b, chequers_serial_rivers_micro_b
D:2:      layout_basic, st_stairs_9
D:3:      layout_rooms, mainiacjoe_overflow_tiny_flanked, grunt_dithmenos_smoke,
          mainiacjoe_overflow_alcove_2
D:4:      layout_basic, pf_just_have_faith, nicolae_qazlal_scattered_showers
D:5:      layout_loops_ring, cheibriados_altar_1, grunt_temple_overflow_open
D:6:      layout_loops_corners, bloody_makhleb,
          nemelex_xobeh_ov_fountains_minmay, minmay_temple_entry_glassed_door,
          minmay_between, uniq_crazy_yiuf_cottage
D:7:      layout_rooms
D:8:      layout_cave_pools, vehumet_statue, brannock_xom_greatest_gift,
          nzn_ghost_randoct
D:9:      minmay_the_grid_triangle_9x9_recursive_2
          [minmay_the_grid_triangle_9x9_prize_insulated,
          minmay_the_grid_triangle_9x9_dagger,
          minmay_the_grid_triangle_9x9_impossible_snake,
          minmay_the_grid_triangle_9x9_swiss_cheese], layout_loops_corners,
          orc_david_3

Notes
Turn   | Place    | Note
-------+----------+-------------------------------------------
     0 | D:1      | sanka the Demigod Summoner began the quest for the Orb.
     0 | D:1      | Reached XP level 1. HP: 14/14 MP: 5/5
   355 | D:1      | Reached skill level 2 in Spellcasting
   546 | D:1      | Reached skill level 4 in Summonings
   546 | D:1      | Reached XP level 2. HP: 20/20 MP: 7/7
   549 | D:1      | Learned a level 2 spell: Call Imp
  1340 | D:2      | Reached XP level 3. HP: 26/26 MP: 5/8
  1602 | D:2      | Reached skill level 5 in Summonings
  2035 | D:2      | Learned a level 3 spell: Call Canine Familiar
  2096 | D:3      | Reached XP level 4. HP: 31/33 MP: 7/9
  2242 | D:3      | HP: 1/33 [worm (8)]
  2247 | D:3      | HP: 1/33 [endoplasm (1)]
  2888 | D:4      | Reached XP level 5. HP: 31/38 MP: 7/10
  2931 | D:4      | Reached skill level 6 in Summonings
  3173 | D:4      | Identified the +10 falchion "Jablat" {freeze, Fragile rF+
                  | rN++ Dex+9}
  3685 | D:5      | Entered Level 5 of the Dungeon
  3757 | D:5      | Reached XP level 6. HP: 45/45 MP: 7/11
  3829 | D:5      | Reached skill level 7 in Summonings
  4376 | D:5      | Reached skill level 8 in Summonings
  4376 | D:5      | Reached XP level 7. HP: 50/50 MP: 13/13
  4394 | D:5      | Reached skill level 2 in Dodging
  4490 | D:5      | Reached skill level 1 in Fighting
  4490 | D:5      | Reached skill level 1 in Long Blades
  4759 | D:6      | Reached skill level 2 in Fighting
  4759 | D:6      | Reached skill level 2 in Long Blades
  4765 | D:6      | Reached skill level 3 in Dodging
  4944 | D:6      | Found a runed translucent door.
  4945 | D:6      | Noticed Crazy Yiuf
  5216 | D:6      | Reached skill level 3 in Long Blades
  5216 | D:6      | Reached XP level 8. HP: 62/62 MP: 6/14
  5336 | D:6      | Reached skill level 3 in Fighting
  5402 | D:6      | Found a staircase to the Ecumenical Temple.
  5515 | D:6      | Reached skill level 4 in Dodging
  5783 | D:6      | Killed Crazy Yiuf
  5906 | D:7      | Reached skill level 4 in Fighting
  5906 | D:7      | Reached skill level 4 in Long Blades
  6168 | D:7      | Reached skill level 5 in Dodging
  6500 | D:8      | Found a transporter.
  6507 | D:8      | Noticed a two-headed ogre
  6508 | D:8      | Noticed a boulder beetle
  6528 | D:8      | Found a transporter.
  6534 | D:8      | Noticed DEFE's ghost (novice AtFi)
  6598 | D:8      | Noticed a manticore
  6687 | D:8      | Reached skill level 5 in Fighting
  6687 | D:8      | Reached skill level 5 in Long Blades
  6687 | D:8      | Reached XP level 9. HP: 70/74 MP: 8/15
  6994 | D:8      | Reached skill level 6 in Dodging
  7278 | D:8      | Reached skill level 6 in Long Blades
  7323 | D:8      | Found a transporter.
  7354 | D:8      | Found a transporter.
  7591 | D:9      | Reached skill level 6 in Fighting
  7720 | D:9      | Noticed a seven-headed hydra
  7721 | D:9      | Identified the ring "Nocsusto" {rCorr Int+4 Dex+3}
  7806 | D:9      | Found a staircase to the Orcish Mines.
  7835 | D:9      | Reached skill level 7 in Dodging
  7842 | D:9      | Reached XP level 10. HP: 84/84 MP: 4/16
  7884 | D:9      | Reached skill level 7 in Long Blades
  7924 | D:9      | Reached skill level 7 in Fighting
  8021 | D:9      | Noticed a manticore
  8033 | D:9      | Noticed a boulder beetle
  8192 | D:9      | Killed a manticore
  8340 | D:9      | Killed a boulder beetle
  8506 | D:9      | Found Ripteaqull's Weapon Emporium.
  8617 | D:9      | Noticed a tengu warrior
  9261 | D:9      | Reached skill level 8 in Dodging
  9341 | D:9      | Noticed a catoblepas
  9536 | D:8      | Killed a catoblepas
  9537 | D:8      | Reached skill level 8 in Fighting
  9537 | D:8      | Reached skill level 8 in Long Blades
 10028 | D:9      | Noticed a centaur warrior
 10048 | D:9      | HP: 5/88 [tengu warrior/bolt (18)]
 10049 | D:9      | Shot with an arrow by a centaur warrior

Vanquished Creatures
  A boulder beetle (D:9)
  A catoblepas (D:8)
  A manticore (D:9)
  A troll (D:9)
  11 yaks
  2 water moccasins
  An ice beast (D:7)
  2 orc warriors (D:9)
  A sky beast (D:6)
  A black bear (D:6)
  A centaur (D:9)
  2 phantoms
  5 bullfrogs
  A gnoll sergeant (D:8)
  A scorpion (D:5)
  4 killer bees
  A howler monkey (D:9)
  An orc priest (D:9)
  5 hounds
  A jelly (D:5)
  Crazy Yiuf (D:6)
  An iguana (D:5)
  3 orc wizards (D:9)
  6 gnolls
  8 adders
  2 shadow imps
  3 white imps
  An ufetubus (D:5)
  2 worms
  3 dart slugs
  12 orcs
  5 ball pythons
  4 endoplasms
  3 giant cockroaches
  4 hobgoblins
  6 jackals
  2 kobolds
  A quokka (D:4)
  2 bats (D:1)
  4 frilled lizards
  6 goblins
  6 rats
129 creatures vanquished.

Vanquished Creatures (collateral kills)
  6 yaks
  2 orc warriors
  A black bear (D:6)
  An ogre (D:6)
  A kobold brigand (D:9)
  A phantom (D:7)
  A gnoll sergeant (D:9)
  2 bullfrogs
  2 scorpions (D:5)
  7 killer bees
  3 orc priests
  2 jellies (D:5)
  A gnoll bouda (D:6)
  An orc wizard (D:6)
  A statue (D:8)
  8 gnolls
  2 adders (D:2)
  8 orcs
  2 ball pythons
  3 endoplasms
  5 goblins
  A hobgoblin (D:2)
  2 jackals (D:4)
  A frilled lizard (D:3)
  7 kobolds
  A rat (D:3)
72 creatures vanquished.

Grand Total: 201 creatures vanquished
